 Dungeon Crawl Stone Soup version 0.22-a0-252-gcace5d2 (webtiles) character file.

99 KristoblXynda the Slasher (level 4, -4/36 HPs)
             Began as a Draconian Gladiator on Mar 2, 2018.
             Slain by a worm (11 damage)
             ... on level 2 of the Dungeon.
             The game lasted 00:02:01 (1794 turns).

KristoblXynda the Slasher (Draconian Gladiator)     Turns: 1794, Time: 00:02:02

Health: -4/36      AC:  5    Str: 17    XL:     4   Next: 45%
Magic:  4/4        EV: 13    Int:  9    God:
Gold:   12         SH:  0    Dex: 12    Spells: 3/3 levels left

rFire    . . .     SeeInvis .   a - +0 long sword
rCold    . . .     Gourm    .   (no shield)
rNeg     . . .     Faith    .   (armour unavailable)
rPois    .         Spirit   .   b - +0 hat
rElec    .         Reflect  .   (no cloak)
rCorr    .         Harm     .   (no gloves)
MR       .....                  (no boots)
Stlth    +.........             (no amulet)
HPRegen  0.12/turn              (no ring)
MPRegen  0.09/turn              (no ring)

@: no status effects
A: unfitting armour, cold-blooded, AC +5
a: no special abilities


You were on level 2 of the Dungeon.
You were not hungry.

You visited 1 branch of the dungeon, and saw 2 of its levels.

You collected 12 gold pieces.

Inventory:

Hand Weapons
 a - a +0 long sword (weapon)
Missiles
 c - 3 throwing nets (quivered)
Armour
 b - a +0 hat (worn)
Scrolls
 e - a scroll of remove curse {unknown}
 f - 3 scrolls of identify {unknown}
 g - a scroll of immolation {unknown}
 h - a scroll of enchant weapon {unknown}
 i - a scroll of teleportation {unknown}
Comestibles
 d - 4 rations
 k - 3 chunks of flesh


   Skills:
 - Level 2.1 Fighting
 * Level 4.5 Long Blades
 - Level 2.0 Throwing
 + Level 3.5 Dodging


You had 3 spell levels left.
You didn't know any spells.

Dungeon Overview and Level Annotations

Branches:
Dungeon (2/15)

Altars:


Innate Abilities, Weirdness & Mutations

Your plain brown scales are hard. (AC +5)
You cannot fit into any form of body armour.
You are cold-blooded and may be slowed by cold attacks.


Message History

Things that are here:
a flail; a scale mail
Things that are here:
a flail; a scale mail You start resting.
A worm is nearby!
A worm is nearby!
You slash the worm!
The worm is moderately wounded.
The worm bites you.
* * * LOW HITPOINT WARNING * * *
You barely miss the worm.
The worm is moderately wounded.
The worm bites you.
* * * LOW HITPOINT WARNING * * *
You slash the worm!
You tail-slap the worm, but do no damage.
The worm is severely wounded.
The worm bites you!
You die...

..w....######........
###..#.#####.....####
# #..#............# #
#..#######..)..## #
#..# ##....# # #..#
##.#.# #..# #.#.#
#.#. #.#w# ..#@#
###.# #.# #.# #)#
######.# #..†...#
#.###### #.#


You could see a worm.

Vanquished Creatures
  Terence (D:2)
  A gnoll (D:1)
  An adder (D:2)
  2 dart slugs
  A ball python (D:1)
  3 bats (D:1)
  3 giant cockroaches
  6 goblins
  8 hobgoblins
  7 jackals (D:1)
  4 kobolds
  2 frilled lizards (D:2)
  6 rats
45 creatures vanquished.

Notes
Turn   | Place    | Note
-------+----------+-------------------------------------------
     0 | D:1      | KristoblXynda the Draconian Gladiator began the quest for the Orb.
     0 | D:1      | Reached XP level 1. HP: 17/17 MP: 1/1
    50 | D:1      | Reached XP level 2. HP: 5/24 MP: 2/2
   417 | D:1      | Reached XP level 3. HP: 15/29 MP: 3/3
   991 | D:1      | Reached skill level 4 in Long Blades
  1686 | D:2      | Noticed Terence
  1702 | D:2      | Reached XP level 4. HP: 15/36 MP: 4/4
  1732 | D:2      | Killed Terence
  1794 | D:2      | Slain by a worm

Vault maps used:
D:1:      tarquinn_simple_flora_water_c
D:2:      serial_glass, glass_columns_a, glass_columns_c, glass_columns_a,
          glass_columns_b, glass_columns_a, minmay_liquid_box, uniq_jessica,
          uniq_terence

Skill      XL: |  1  2  3 |
---------------+----------+-----
Throwing       | 2 |  2.0
Dodging        | 3 |  3.5
Long Blades    | 4 |  4.5
Fighting       | |  2.1

Action                   |  1- 3 |  4- 6 || total
-------------------------+-------+-------++-------
Melee: Long sword        |   116 |     8 ||   124
       Tailslap          |    14 |     1 ||    15
Throw: Throwing net      |     1 |     1 ||     2
  Use: Potion            |       |     1 ||     1
 Stab: Sleeping          |     2 |       ||     2
       Held in net/web   |       |     1 ||     1
  Eat: Chunk             |     3 |       ||     3
Armor: Skin              |    45 |       ||    45
Dodge: Dodged            |    83 |     1 ||    84
       Rpst.: Long sword |    23 |       ||    23

Table legend:
 A = Spawn XP
 B = Non-spawn XP
 C = Spawn XP percentage of total XP
 D = Spawn monster count
 E = Non-spawn monster count
 F = Spawn count percentage of total count
 G = Total turns spent on level
                    A         B        C        D         E        F      G
               +---------+---------+-------+---------+---------+-------+---------
         Total |       0 |     142 |   0.0 |       0 |      45 |   0.0 |  1794
               +---------+---------+-------+---------+---------+-------+---------
           D:1 |       0 |      74 |   0.0 |       0 |      32 |   0.0 |  1544
           D:2 |       0 |      68 |   0.0 |       0 |      13 |   0.0 |   250
               +---------+---------+-------+---------+---------+-------+---------
